 Dungeon Crawl Stone Soup version 0.19-a0-1326-gee3fcf6 (webtiles) character file.

1026145 useraccount the Invulnerable (level 27, -3/230 (232) HPs)
             Began as a Formicid Fighter on Aug 31, 2016.
             Was the Champion of Hepliaklqana.
             Thrown by an iron giant (54 damage)
             ... on level 7 of the Iron City of Dis on Sept 1, 2016.
             The game lasted 03:18:59 (93802 turns).

useraccount the Invulnerable (Formicid Fighter)    Turns: 93802, Time: 03:18:59

HP:   -3/230 (232)  AC: 26    Str: 37    XL:     27
MP:   36/36         EV: 25    Int: 10    God:    Hepliaklqana [******]
Gold: 11923         SH: 42    Dex: 11    Spells: 0 memorised, 26 levels left

rFire  + + +     SeeInvis +     a - +9 executioner's axe (chaos)
rCold  + . .     Gourm    .     A - +2 faerie dragon armour {rF+ rC+ Int+3}
rNeg   + . .     Faith    .     i - +5 large shield {AC+3}
rPois  +         Spirit   .     (helmet unavailable)
rElec  +         Dismiss  .     n - +1 ratskin cloak {rPois rN+ Int-1 Dex-1}
rCorr  .         Reflect  +     E - +0 pair of gloves of Filth {MR+ Regen+}
MR     +++..     Harm     .     z - +1 pair of boots of the Bulwark {rF+}
Stlth  ++++++++++               K - brooch of Shielding {Reflect SH+8}
                                P - ring "Iphajosm" {rElec rF+}
                                J - ring of Shadows {Umbra +Inv Stlth+}

@: mighty, wreathed by umbra
A: permanent stasis, dig shafts and tunnels, four strong arms, antennae 3,
rugged brown scales 2, agile 1, deformed body, dopey 1, subdued magic 1
a: Dig, Shaft Self, Recall Ancestor, Ancestor Identity, Transference, Idealise,
Renounce Religion, Evoke Invisibility
}: 7/15 runes: decaying, serpentine, slimy, silver, golden, bone, abyssal


You were on level 7 of the Iron City of Dis.
You worshipped Hepliaklqana.
Hepliaklqana was exalted by your worship.
You were hungry.

You visited 16 branches of the dungeon, and saw 76 of its levels.
You visited the Abyss 2 times.
You visited 1 bazaar.
You also visited: Labyrinth, Trove, Ice Cave and Desolation.

You collected 15355 gold pieces.
You spent 3432 gold pieces at shops.

Inventory:

Hand Weapons
 a - a +9 executioner's axe of chaos (weapon)
Armour
 i - a +5 large shield of protection (worn)
 n - the +1 ratskin cloak (worn) {rPois rN+ Int-1 Dex-1}
   (You bought it in a shop on level 2 of the Orcish Mines)

   It affects your intelligence (-1).
   It affects your dexterity (-1).
   It protects you from poison.
   It protects you from negative energy.
 z - the +1 pair of boots of the Bulwark (worn) {rF+}
   (You found it in the Desolation of Salt)

   It protects you from fire.
 A - the +2 faerie dragon armour (worn) {rF+ rC+ Int+3}
   (You took it off the Enchantress on level 1 of the Depths)

   It affects your intelligence (+3).
   It protects you from fire.
   It protects you from cold.
 E - the +0 pair of gloves of Filth (worn) {MR+ Regen+}
   (You found it in the Desolation of Salt)

   It affects your resistance to hostile enchantments.
   It increases your rate of regeneration.
Rods
 b - a +8 rod of shadows (15/15)
   (You found it on level 1 of the Depths)
 D - a +9 rod of inaccuracy (17/17)
   (You bought it in a shop in a bazaar)
Jewellery
 w - a +4 ring of slaying
 C - the ring "Qemmyos" {rF+ rC+ Dex+2 Stlth+}
   (You took it off a deep elf archer on level 3 of the Elven Halls)

   [ring of dexterity]

   It affects your dexterity (+2).
   It protects you from fire.
   It protects you from cold.
   It makes you more stealthy.
 J - the ring of Shadows (left hand) {Umbra +Inv Stlth+}
   (You found it on level 5 of the Pits of Slime)

   [ring of stealth]

   It lets you turn invisible.
   It makes you more stealthy.
 K - the brooch of Shielding (around neck) {Reflect SH+8}
   (You found it on level 5 of the Pits of Slime)

   [amulet of reflection]

   It shields you and reflects attacks.
   It affects your SH (+8).
 P - the ring "Iphajosm" (right hand) {rElec rF+}
   (You found it on level 4 of the Realm of Zot)

   [ring of protection from fire]

   It protects you from fire.
   It insulates you from electricity.
Wands
 R - a wand of iceblast (11/15)
 T - a wand of lightning (4/15)
 V - a wand of disintegration (6/24)
 Z - a wand of acid (15/15)
Scrolls
 c - 2 scrolls of summoning
 e - 14 scrolls of remove curse
 k - 7 scrolls of fog
 F - 8 scrolls of magic mapping
 I - 10 scrolls of fear
 M - 4 scrolls of silence
 N - 24 scrolls of identify
 Q - 5 scrolls of holy word
Potions
 g - 18 potions of flight
 j - 8 potions of resistance
 l - 28 potions of curing
 m - 3 potions of invisibility
 o - 13 potions of magic
 q - 9 potions of agility
 s - 10 potions of heal wounds
 t - 3 potions of cancellation
 v - 7 potions of ambrosia
 U - 4 potions of might
Miscellaneous
 d - the horn of Geryon
 h - 5 phantom mirrors
 r - 8 sacks of spiders
 x - a disc of storms
 y - a crystal ball of energy
 G - a lamp of fire
 H - a fan of gales
 L - a figurine of a ziggurat
 Y - a phial of floods
Comestibles
 f - 36 bread rations
 p - 6 chunks of flesh


   Skills:
 + Level 26.0 Fighting
 O Level 27 Axes
 O Level 27 Armour
 + Level 24.7 Dodging
 - Level 19.0 Stealth
 O Level 27 Shields
 + Level 19.5 Invocations
 - Level 19.0 Evocations


You had 26 spell levels left.
You didn't know any spells.

Dungeon Overview and Level Annotations

Branches:
Dungeon (15/15)            Temple (1/1) D:4            Lair (6/6) D:11
  Swamp (4/4) Lair:2        Snake (4/4) Lair:3        Slime (5/5) Lair:6
    Orc (2/2) D:9             Elf (3/3) Orc:2        Vaults (5/5) D:13
  Crypt (3/3) Vaults:3       Tomb (3/3) Crypt:3      Depths (5/5) D:15
   Hell (1/1)                 Dis (4/7) Hell            Geh (0/7) Hell
    Coc (0/7) Hell            Tar (7/7) Hell            Zot (5/5) Depths:5

Altars:
Ashenzari
Cheibriados
Dithmenos
Elyvilon
Fedhas
Gozag
Hepliaklqana
Kikubaaqudgha
Makhleb
Nemelex Xobeh
Okawaru
Qazlal
Ru
Sif Muna
Trog
Uskayaw
Vehumet
Xom
Yredelemnul
Zin
The Shining One
Beogh
Jiyva

Shops:
Orc:2 %[(%   Elf:1 }=}   Elf:3 *   Snake:1 =   Snake:2 (   Snake:3 =
Vaults:1 (!(%   Vaults:2 [?[!

Portals:
Hell: Depths:1 Depths:2 Depths:3 Depths:4 Depths:5
Abyss: Depths:3 Depths:4
Pandemonium: Depths:3 Depths:4
Ziggurat: Depths:4

Annotations:
Depths:3 1 runed door


Innate Abilities, Weirdness & Mutations

You are under a permanent stasis effect.
You can dig through walls and to a lower floor.
Your four strong arms can wield two-handed weapons with a shield.
You have a pair of large antennae on your head. (SInv)
You are mostly covered in rugged brown scales. (AC +2, +5% HP)
You are agile. (Dex +2)
Armour fits poorly on your strangely shaped body.
You are dopey. (Int -2)
Your spells are a little easier to cast, but a little less powerful.


Message History

The iron giant throws you!
You see here a scythe of freezing.
You barely miss the iron giant.
The iron giant is heavily wounded.
The iron giant points at you and mumbles some strange words.
The iron shot misses you.
You slash the iron giant! You drain the iron giant!
The iron giant is heavily wounded.
You slice the iron giant!! You block the iron giant's attack.
You slash the iron giant! You drain the iron giant!
The iron giant is severely wounded.
You slice the iron giant!! You freeze the iron giant.
The iron giant gestures at you while chanting.
The iron shot reflects off an invisible shield around you!
The iron shot hits the iron giant.
You chop the iron giant into pieces!!!
The iron giant's magic leaks into the air.
The iron giant is almost dead.
You slice the iron giant!! The iron giant throws you!
You die...

#. #...# { #### #...# ##### #####
##.# #...# #...# #...# ##..#
###...### #...# #...#
###...###8#'''#8###...#####...#
###.....#.#.#...#.#.#...#.#.#...#
#............))C.........))).....
#......[......)C.........).......
............))).@................
.................................
#################################
#..........# #
#########..........##############
........'..........'............'
#########..........##############
#..........# # #..........# #


You could see 2 iron giants.

Vanquished Creatures
  the Royal Jelly (Slime:5)
  the Serpent of Hell (Dis:7)
  5 orbs of fire
  Mennas (Depths:4)
  3 juggernauts
  8 ancient liches
  16 greater mummies
  Sojobo (Vaults:5)
  Saint Roka (Depths:4)
  Boris (Depths:4)
  Margery (Depths:4)
  3 Killer Klowns (Zot:5)
  Frederick (Depths:3)
  4 caustic shrikes
  A curse toe (Zot:1)
  Geryon (Hell)
  the Enchantress (Depths:1)
  7 golden dragons
  Jory (Vaults:3)
  A profane servitor (Abyss:3)
  7 bone dragons
  4 electric golems
  12 liches
  A Brimstone Fiend (Dis:7)
  5 doom hounds
  An iron giant (shapeshifter) (Zot:3)
  2 iron giants (Dis:7)
  18 Tzitzimimeh
  15 tentacled monstrosities
  2 Ice Fiends
  11 Orb Guardians (Zot:5)
  4 Hell Sentinels (Dis:7)
  Asterion (Elf:2)
  3 deep elf master archers (Elf:3)
  4 deep elf blademasters
  6 titans
  2 quicksilver dragons
  9 acid blobs
  2 eldritch tentacles
  7 tentacled starspawn
  7 death cobs
  5 sphinxes (Tomb:1)
  2 ancient champions
  3 draconian monks
  9 tengu reavers
  7 storm dragons
  Kirke (D:15)
  Donald (Snake:3)
  18 shadow dragons
  Roxanne (Swamp:4)
  9 fire giants
  7 revenants
  9 azure jellies
  8 greater nagas
  3 draconian knights
  15 frost giants
  An orc warlord (Orc:2)
  3 ghost moths
  10 draconian scorchers
  11 deep elf sorcerers
  12 vault wardens
  4 draconian zealots (Zot:2)
  2 balrugs
  8 iron dragons
  A draconian shifter (Zot:1)
  3 ghouls
  2 curse skulls (Crypt:3)
  9 spriggan defenders
  5 deep elf elementalists
  9 large abominations
  23 reapers
  4 draconian annihilators
  17 stone giants
  4 draconian callers (Depths:5)
  12 ironheart preservers
  6 deep elf demonologists
  An entropy weaver (Vaults:5)
  19 war gargoyles
  21 very ugly things
  13 vampire knights
  5 green draconians
  2 dire elephants (Abyss:3)
  14 deep elf annihilators
  6 yellow draconians
  3 bennus (Tomb:2)
  5 red draconians
  2 halazid warlocks (Desolation)
  2 mottled draconians
  6 black draconians
  7 spark wasps
  6 purple draconians
  5 white draconians
  5 statues (Depths:3)
  9 death oozes
  Azrael (D:15)
  2 ragged hierophants (Desolation)
  17 mummy priests
  A green death (Dis:1)
  5 blizzard demons
  14 ettins
  An eidolon (Crypt:2)
  5 deep elf death magi
  14 jiangshi
  Snorg (Orc:2)
  10 deep elf high priests
  A minotaur (Lab)
  2 quicksilver dragon zombies
  15 fire dragons
  17 yaktaur captains
  7 rakshasas
  A crystal guardian (Desolation)
  Josephine (D:14)
  13 ice dragons
  16 naga warriors
  8 great orbs of eyes
  18 vault guards
  3 peacekeepers (Desolation)
  A hell beast (Depths:3)
  4 servants of whispers (Desolation)
  2 quicksilver dragon skeletons (Crypt:3)
  3 ghost crabs
  7 alligators
  8 spriggan air magi
  21 hydras
  An alligator snapping turtle (Desolation)
  A ghost crab (shapeshifter) (Vaults:5)
  5 death knights
  8 centaur warriors
  7 ogre magi
  7 anacondas
  23 dancing weapons
  9 deep troll shamans
  14 tengu warriors
  8 deep troll earth magi
  12 death yaks (Lair:6)
  11 vampire magi
  11 thrashing horrors
  4 orc high priests (Orc:2)
  4 shock serpents
  6 spriggan berserkers
  46 death scarabs
  5 naga sharpshooters (Snake:4)
  14 deep elf knights
  6 sun demons
  3 iron golems
  2 shadow wraiths
  7 wretched stars
  A titan skeleton (Tar:3)
  8 soul eaters
  2 storm dragon zombies
  32 hell knights
  3 anaconda zombies
  A sixfirhy (Depths:4)
  8 iron trolls
  4 spatial maelstroms
  2 storm dragon skeletons (Tar:7)
  2 fire crabs (shapeshifter)
  A salamander mystic (Snake:4)
  A ghost moth zombie (Crypt:1)
  61 skeletal warriors
  3 golden dragon zombies
  2 unseen horrors (shapeshifter)
  A death drake (Tar:7)
  A gelid demonspawn (Depths:3)
  8 shadow demons
  A spriggan druid (Swamp:4)
  5 swamp dragons
  24 deep trolls
  2 quicksilver dragon simulacra (Depths:2)
  8 hill giants
  8 flayed ghosts
  A swamp dragon (shapeshifter) (Elf:2)
  An obsidian statue (Zot:5)
  2 unseen horrors
  7 giant orange brains
  19 deep elf archers
  4 naga ritualists
  A hill giant (shapeshifter) (Slime:5)
  6 wizards
  Pikel (D:5)
  10 ironbrand convokers
  17 orc knights
  4 iron dragon zombies
  16 phantasmal warriors
  7 mana vipers
  2 shambling mangroves
  4 harpies (Vaults:2)
  A fire giant zombie (Crypt:3)
  6 necromancers
  2 shadow dragon zombies
  4 golden dragon skeletons
  4 wolf spider zombies
  8 oklob plants (Zot:4)
  6 salamanders
  2 wolf spiders
  5 lindwurms
  25 ugly things
  A hornet (shapeshifter) (Vaults:5)
  3 cyclopes
  2 frost giant zombies
  An iron dragon skeleton (Tar:7)
  67 deep elf magi
  A shadow dragon skeleton (Crypt:2)
  8 orc sorcerers
  3 stone giant zombies
  3 hornets
  A wolf spider (shapeshifter) (Depths:3)
  A salamander (shapeshifter) (Vaults:4)
  5 worldbinders (Abyss:3)
  2 manticores
  28 starcursed masses
  A faun (shapeshifter) (Abyss:3)
  2 griffons
  11 moths of wrath
  4 ice statues
  2 stone giant skeletons
  2 guardian serpents (shapeshifter)
  Maurice (D:8)
  An octopode (shapeshifter) (Vaults:5)
  11 naga magi
  8 vault sentinels
  A frost giant skeleton (Crypt:3)
  12 spiny frogs
  A dire elephant zombie (Tar:1)
  4 elephants
  2 orange demons
  A shock serpent zombie (Tar:7)
  7 guardian serpents
  2 eyes of devastation
  A fire giant skeleton (Tar:3)
  24 black mambas
  23 rust devils
  An apocalypse crab (Abyss:3)
  A torpor snail (shapeshifter) (Depths:3)
  10 gargoyles
  5 smoke demons
  2 water nymphs (Abyss:3)
  4 emperor scorpion zombies
  9 torpor snails (Lair:6)
  9 hellions
  The ghost of MolotovDodgeball the Ducker, a novice OpGl (D:5)
  A dire elephant skeleton (Tar:6)
  A golden dragon simulacrum (IceCv)
  43 yaktaurs
  A catoblepas zombie (Dis:1)
  7 ice devils
  24 freezing wraiths
  5 komodo dragons
  A catoblepas skeleton (Tar:1)
  19 tormentors
  A yellow draconian skeleton (Crypt:2)
  A demonic crawler (Hell)
  8 red devils
  A hellwing (Abyss:3)
  A grey draconian skeleton (Crypt:1)
  A minotaur zombie (Tar:5)
  8 trolls
  7 hydra zombies
  4 tengu conjurers
  36 guardian mummies
  5 silent spectres
  A troll (shapeshifter) (Depths:2)
  A shadow dragon simulacrum (Crypt:2)
  A harpy zombie (Dis:7)
  17 two-headed ogres
  10 giant leeches
  A two-headed ogre (shapeshifter) (D:15)
  5 polar bears (Lair:2)
  10 blink frogs
  2 hydra skeletons
  30 saltlings (Desolation)
  2 slime creatures (shapeshifter)
  7 raiju (Abyss:3)
  53 slime creatures
  2 alligator zombies
  4 ettin zombies
  An iron dragon simulacrum (Crypt:1)
  A minotaur skeleton (Crypt:1)
  7 bog bodies
  A fire dragon zombie (Tar:3)
  4 ice dragon zombies
  4 dream sheep (Lair:6)
  2 ettin skeletons
  6 boulder beetles
  A redback (shapeshifter) (D:15)
  A fire dragon skeleton (Tar:2)
  4 wyverns
  2 water elementals (Abyss:3)
  65 flying skulls
  23 wraiths
  3 air elementals
  A tarantella (shapeshifter) (Vaults:4)
  A dire elephant simulacrum (IceCv)
  10 spriggans
  13 ushabtiu
  21 shadows
  8 vampires
  3 ynoxinuls
  3 hogs (D:15)
  Eustachio (D:4)
  31 yaks
  3 ice dragon skeletons
  14 fire elementals
  4 golden eyes (Slime:5)
  6 hippogriffs
  4 fire bats
  A wind drake zombie (Crypt:2)
  6 vampire mosquitoes
  3 chaos spawn
  8 hungry ghosts
  2 basilisks
  2 neqoxecs
  A hippogriff (shapeshifter) (Depths:4)
  5 wargs
  38 nagas
  8 insubstantial wisps
  4 mottled dragons
  An iron troll simulacrum (IceCv)
  14 swamp worms
  Duvessa (D:5)
  4 water moccasins
  A merfolk zombie (Crypt:2)
  A spiny frog zombie (Hell)
  6 spatial vortices
  A giant eyeball (Depths:2)
  35 hell hounds
  9 porcupines
  A hydra simulacrum (Crypt:2)
  10 ice beasts
  An infernal demonspawn skeleton (Dis:2)
  A sky beast (D:14)
  2 slaves (D:5)
  A snapping turtle zombie (Crypt:1)
  A spiny frog skeleton (Tomb:1)
  8 ettin simulacra
  2 eyes of draining (Slime:5)
  8 phantoms
  8 swamp drakes
  2 black bears
  13 wasps
  36 orc warriors
  13 centaurs
  53 ogres
  7 wolves (Lair:3)
  21 necrophages
  A hog zombie (Crypt:1)
  A snapping turtle skeleton (Crypt:3)
  A dream sheep skeleton (Crypt:2)
  8 crocodiles
  6 big kobolds
  17 giant frogs
  A water moccasin zombie (D:11)
  2 earth elementals
  Dowan (D:5)
  7 scorpions
  A hell hound skeleton (Crypt:2)
  10 small abominations
  An orc simulacrum (Vaults:2)
  A water moccasin skeleton (D:4)
  5 killer bees
  27 wights
  4 howler monkeys
  An electric eel (Lair:1)
  8 crimson imps
  A lava snake (Lair:6)
  7 jellies
  2 quasits
  2 human simulacra
  A wasp zombie (Crypt:1)
  7 hounds
  35 orc priests
  6 human zombies
  3 centaur skeletons
  9 iguanas
  9 iron imps
  Jessica (D:3)
  A giant frog skeleton (D:12)
  24 orc wizards
  6 worker ants
  3 hell rats
  A naga zombie (Tar:2)
  2 ogre zombies
  A naga skeleton (Tar:7)
  A felid skeleton (Crypt:1)
  2 hound zombies (D:6)
  39 mummies
  19 adders
  5 gnolls
  44 river rats
  12 shadow imps
  2 white imps (Abyss:3)
  4 ufetubi
  4 oozes
  An adder skeleton (D:6)
  2 adder zombies
  A halfling skeleton (Crypt:1)
  2 worms
  A dart slug (D:1)
  2 giant geckos
  115 orcs
  2 ball pythons
  9 bats
  6 giant cockroaches
  14 goblins
  9 hobgoblins
  16 jackals
  9 kobolds
  3 quokkas
  3 giant newts
  A hobgoblin zombie (Crypt:1)
  A jackal skeleton (D:4)
  A kobold zombie (Crypt:3)
  A quokka skeleton (D:6)
  10 rats
  8 bushes (Zot:4)
  3 crawling corpses
  4 fire vortices (Depths:3)
  10 fungi
  11 plants
  6 starspawn tentacles
  5 withered plants (Crypt:3)
3153 creatures vanquished.

Vanquished Creatures (collateral kills)
  Ereshkigal (Tar:7)
  An orb of fire (Zot:3)
  2 ancient liches
  2 greater mummies (Tomb:3)
  2 Killer Klowns (Zot:5)
  A caustic shrike (Depths:5)
  6 golden dragons
  A curse toe (Zot:1)
  3 bone dragons
  12 Tzitzimimeh
  Jorgrun (Crypt:2)
  5 doom hounds
  An electric golem (Zot:5)
  An iron giant (Dis:7)
  10 tentacled monstrosities
  A Hell Sentinel (Dis:7)
  A shard shrike zombie (Crypt:2)
  Rupert (D:15)
  15 Orb Guardians (Zot:5)
  2 liches
  2 titans (Vaults:5)
  A deep elf blademaster (Elf:3)
  7 acid blobs
  A tentacled starspawn (Abyss:3)
  2 quicksilver dragons
  5 azure jellies
  An eldritch tentacle (Tar:2)
  Frances (Elf:1)
  A death cob (Zot:2)
  An ancient champion (Tomb:2)
  7 shadow dragons
  2 sphinxes (Tomb:1)
  A thorn hunter (Swamp:4)
  9 storm dragons
  A tengu reaver (Vaults:5)
  3 greater nagas
  7 frost giants
  A revenant (Tomb:1)
  7 fire giants
  A ghost moth (Zot:2)
  An iron dragon (Zot:1)
  5 deep elf sorcerers
  3 draconian scorchers
  A draconian knight (Depths:5)
  An imperial myrmidon (Desolation)
  A vault warden (Vaults:5)
  A cacodemon (Dis:7)
  A balrug (Depths:2)
  A draconian shifter (Zot:1)
  A ghoul (Crypt:2)
  An ironheart preserver (Vaults:5)
  7 war gargoyles
  7 stone giants
  A bennu (Tomb:2)
  A spriggan defender (Depths:3)
  4 very ugly things
  3 vampire knights
  2 green draconians (Zot:1)
  12 reapers
  4 deep elf demonologists
  4 lorocyprocas
  A white draconian (Zot:5)
  2 red draconians
  4 yellow draconians
  A spark wasp (Depths:3)
  5 deep elf annihilators
  2 mottled draconians (Zot:1)
  2 purple draconians
  2 ragged hierophants (Desolation)
  5 small abominations
  5 deep elf death magi
  5 death oozes
  2 statues (Depths:3)
  A blizzard demon (Hell)
  5 mummy priests
  5 fire dragons
  5 jiangshi
  An eidolon (Crypt:2)
  3 yaktaur captains
  4 deep elf high priests
  2 great orbs of eyes
  2 ghost crabs
  4 rakshasas
  4 peacekeepers (Desolation)
  A quicksilver dragon skeleton (Crypt:1)
  A servant of whispers (Desolation)
  8 vault guards
  10 ice dragons
  8 naga warriors
  5 centaur warriors
  15 hydras
  2 alligator snapping turtles (Desolation)
  A catoblepas (Lair:6)
  An anaconda (Snake:1)
  26 death scarabs
  2 death knights
  3 deep troll earth magi
  6 ogre magi
  An alligator (Swamp:1)
  5 spriggan berserkers
  2 naga sharpshooters (Snake:4)
  3 tengu warriors
  3 vampire magi
  3 deep troll shamans
  A shock serpent (Snake:4)
  A titan zombie (Tar:6)
  7 thrashing horrors (Abyss:3)
  9 dancing weapons
  3 soul eaters
  8 spriggans
  2 sun demons (Hell)
  2 wretched stars (Abyss:3)
  2 storm dragon zombies
  9 deep elf knights
  4 hell knights
  34 skeletal warriors
  5 iron trolls
  4 iron golems
  A sixfirhy (Abyss:3)
  A shadow wraith (Crypt:3)
  A sea snake (shapeshifter) (Depths:1)
  2 spriggan druids
  3 anaconda zombies
  13 deep trolls
  2 titan skeletons
  A death drake (Tar:5)
  3 storm dragon skeletons
  A shambling mangrove (Swamp:4)
  A spatial maelstrom (Abyss:3)
  3 giant orange brains
  A ghost moth zombie (Tar:2)
  A swamp dragon (shapeshifter) (Vaults:5)
  6 shadow demons
  2 naga ritualists
  4 phantasmal warriors
  3 flayed ghosts
  A shadow dragon zombie (Crypt:1)
  An unseen horror (D:14)
  A golden dragon skeleton (Tomb:3)
  4 swamp dragons (Swamp:4)
  6 deep elf archers
  An obsidian statue (Zot:5)
  2 hill giants
  A kraken simulacrum (Hell)
  6 necromancers
  A wolf spider zombie (Tar:7)
  An orc knight (Vaults:1)
  4 anaconda skeletons
  4 ugly things
  2 stone giant zombies
  20 deep elf magi
  A griffon (Vaults:3)
  A manticore (D:14)
  6 salamanders
  A wolf spider (Vaults:3)
  A manticore (shapeshifter) (Depths:3)
  A shadow dragon skeleton (Crypt:3)
  A wolf spider (shapeshifter) (Vaults:5)
  5 elephants
  4 oklob plants
  An orc sorcerer (Orc:1)
  6 rust devils
  8 black mambas
  A smoke demon (Abyss:3)
  7 moths of wrath
  2 ice statues (IceCv)
  6 guardian serpents
  3 vault sentinels
  A black mamba (shapeshifter) (Vaults:2)
  A naga mage (Snake:4)
  A shock serpent skeleton (Crypt:1)
  An eye of devastation (Slime:5)
  A fire giant skeleton (Tar:7)
  10 spiny frogs
  A red draconian zombie (Tar:3)
  An emperor scorpion zombie (Tar:6)
  2 torpor snails (Lair:6)
  2 rime drakes
  A hellion (Dis:7)
  6 freezing wraiths
  An efreet (D:13)
  2 ice devils
  A komodo dragon (shapeshifter) (Depths:5)
  2 yaktaurs (shapeshifter)
  A kobold demonologist (Abyss:1)
  8 yaktaurs
  6 tormentors
  A demonic crawler (Abyss:3)
  2 komodo dragons
  17 guardian mummies
  2 tengu conjurers (Depths:2)
  4 silent spectres
  A hydra zombie (Hell)
  2 red devils
  5 giant leeches
  A troll (shapeshifter) (Depths:1)
  2 harpy skeletons
  6 trolls
  A boulder beetle (Vaults:1)
  5 blink frogs
  2 fire dragon zombies
  A hydra skeleton (Tar:7)
  17 saltlings (Desolation)
  A two-headed ogre (Vaults:3)
  5 raiju
  30 slime creatures
  An iron dragon simulacrum (Crypt:1)
  A meliai zombie (D:14)
  A fire giant simulacrum (Vaults:3)
  An alligator zombie (Hell)
  3 air elementals (Depths:2)
  2 ice dragon zombies (Tar:5)
  5 shadows
  A black mamba zombie (Dis:7)
  5 vampires
  3 water elementals
  16 flying skulls
  A tarantella (Vaults:5)
  An alligator skeleton (Tar:2)
  An ice dragon skeleton (Crypt:3)
  8 ushabtiu
  6 golden eyes
  6 wraiths
  2 ynoxinuls (Abyss:3)
  2 fire elementals (Hell)
  2 ettin skeletons (Tar:7)
  A wyvern (D:8)
  A basilisk (Lair:6)
  A hungry ghost (Abyss:1)
  9 yaks
  2 chaos spawn (Abyss:3)
  5 vampire mosquitoes
  A neqoxec (Abyss:3)
  7 hippogriffs
  2 wargs
  4 insubstantial wisps
  An iron troll simulacrum (IceCv)
  2 merfolk zombies
  16 nagas
  6 large abominations
  7 swamp worms
  5 water moccasins
  3 hydra simulacra (IceCv)
  7 hell hounds
  A dream sheep zombie (Crypt:2)
  A snapping turtle zombie (Dis:7)
  4 porcupines
  3 sky beasts
  2 slaves (D:5)
  4 swamp drakes
  A black bear (Lair:2)
  12 wasps
  An eye of draining (Slime:4)
  7 ogres
  A black bear (shapeshifter) (Vaults:2)
  8 necrophages
  18 orc warriors
  3 phantoms
  4 wolves (Lair:3)
  16 centaurs
  3 crocodiles
  5 big kobolds
  6 giant frogs
  An earth elemental (Elf:3)
  3 killer bees
  A spriggan zombie (Tar:6)
  8 wights
  An electric eel (Lair:4)
  4 crimson imps
  A lava snake (Lair:6)
  3 quasits
  3 starcursed masses (Abyss:3)
  7 orc priests
  2 human zombies (D:13)
  A hound (D:11)
  2 iron imps
  A jelly (D:5)
  3 orc wizards
  A centaur skeleton (Tar:7)
  3 iguanas
  6 worker ants
  A felid zombie (Crypt:1)
  2 hound skeletons
  5 mummies
  Robin (D:4)
  6 adders
  6 gnolls
  A worker ant zombie (D:5)
  15 river rats
  4 shadow imps
  A white imp (Depths:4)
  An adder skeleton (D:7)
  A giant gecko (D:6)
  25 orcs
  3 bats (D:13)
  2 goblins (D:4)
  2 jackals (D:6)
  A kobold (D:11)
  A quokka (D:9)
  A giant gecko zombie (D:6)
  A kobold simulacrum (Tomb:2)
  A quokka zombie (D:8)
  A rat (D:13)
  2 bushes (Zot:4)
  A plant (Zot:4)
  2 starspawn tentacles (Abyss:3)
  A withered plant (Crypt:3)
1161 creatures vanquished.

Vanquished Creatures (others)
  A shadow dragon (Tar:5)
  A storm dragon (Zot:5)
  2 eldritch tentacles
  A revenant (Tomb:2)
  A draconian knight (Zot:1)
  A vault guard (Vaults:5)
  A rakshasa (Depths:1)
  12 death scarabs (Tomb:2)
  A satyr (Abyss:3)
  A tengu warrior (Depths:2)
  A skeletal warrior (Tomb:2)
  A deep troll (Vaults:4)
  An iron dragon skeleton (Tomb:3)
  2 moths of wrath (Zot:5)
  A stone giant skeleton (Tomb:2)
  A yaktaur (Depths:1)
  A saltling (Desolation)
  7 flying skulls
  A fire dragon skeleton (Tomb:3)
  A shock serpent simulacrum (Tomb:2)
  A wraith (Vaults:1)
  A human (D:15)
  A naga (Snake:4)
  An orc warrior (D:15)
  An ogre (Vaults:5)
  62 battlemagi
  2 mummies (Tomb:2)
  An orc (Orc:2)
  A kobold zombie (Tomb:3)
  3 fungi (Lair:6)
  2 lurking horrors
  20 plants
  16 starspawn tentacles
  4 tentacles (Hell)
155 creatures vanquished.

Grand Total: 4469 creatures vanquished

Notes
Turn   | Place    | Note
-------+----------+-------------------------------------------
     0 | D:1      | useraccount the Formicid Fighter began the quest for the Orb.
     0 | D:1      | Reached XP level 1. HP: 18/18 MP: 1/1
   153 | D:1      | Reached XP level 2. HP: 9/24 MP: 2/2
   277 | D:1      | Reached XP level 3. HP: 24/29 MP: 3/3
  1056 | D:2      | Reached skill level 1 in Dodging
  1056 | D:2      | Reached XP level 4. HP: 25/35 MP: 4/4
  1232 | D:2      | Found a faded altar of an unknown god.
  2072 | D:3      | Found a sparkling altar of Nemelex Xobeh.
  2335 | D:3      | Reached XP level 5. HP: 36/41 MP: 5/5
  2579 | D:3      | Reached XP level 6. HP: 46/48 MP: 6/6
  2870 | D:3      | Reached skill level 5 in Shields
  3076 | D:3      | Noticed Jessica
  3083 | D:3      | Killed Jessica
  3385 | D:4      | Noticed Eustachio
  3598 | D:4      | Killed Eustachio
  3598 | D:4      | Reached XP level 7. HP: 25/54 MP: 7/7
  4047 | D:4      | Reached skill level 5 in Axes
  4178 | D:4      | Reached XP level 8. HP: 58/60 MP: 8/8
  4270 | D:4      | Found a stormy altar of Qazlal.
  4637 | D:4      | Found a staircase to the Ecumenical Temple.
  4752 | Temple   | Entered the Ecumenical Temple
  4956 | Temple   | Became a worshipper of Hepliaklqana
  5085 | D:4      | Noticed Robin
  5109 | D:4      | Killed Robin
  5297 | D:5      | Entered Level 5 of the Dungeon
  5533 | D:5      | Noticed MolotovDodgeball's ghost (novice OpGl)
  5615 | D:5      | Killed MolotovDodgeball's ghost
  5615 | D:5      | Reached XP level 9. HP: 58/58 MP: 9/9
  5788 | D:5      | Reached * piety under Hepliaklqana
  5789 | D:5      | Noticed Pikel
  5805 | D:5      | Killed Pikel
  5805 | D:5      | Reached skill level 5 in Dodging
  5980 | D:5      | Noticed Dowan
  5980 | D:5      | Noticed Duvessa
  5989 | D:5      | Killed Duvessa
  5991 | D:5      | Killed Dowan
  6524 | D:6      | Reached XP level 10. HP: 62/63 MP: 8/10
  6545 | D:6      | Reached skill level 5 in Armour
  6830 | D:6      | Reached ** piety under Hepliaklqana
  6837 | D:6      | Remembered your ancestor Eshargamelat as a battlemage
  7344 | D:6      | Reached skill level 10 in Axes
  7647 | D:6      | Reached skill level 5 in Fighting
  7894 | D:6      | Reached *** piety under Hepliaklqana
  8044 | D:6      | Gained mutation: You are partially covered in rugged brown scales. (AC +1, +3% HP) [potion of beneficial mutation]
  8633 | D:7      | Found a shattered altar of Ashenzari.
  9236 | D:8      | Reached **** piety under Hepliaklqana
  9447 | D:8      | Noticed Maurice
  9455 | D:8      | Killed Maurice
  9455 | D:8      | Reached skill level 10 in Shields
  9455 | D:8      | Reached XP level 11. HP: 74/74 MP: 11/11
  9633 | D:8      | Reached skill level 1 in Invocations
 10086 | D:9      | Found a staircase to the Orcish Mines.
 10269 | D:9      | Reached ***** piety under Hepliaklqana
 10381 | D:9      | Found a deep blue altar of Sif Muna.
 10483 | D:10     | Entered Level 10 of the Dungeon
 10939 | D:10     | Found a burning altar of Makhleb.
 10940 | D:10     | Noticed an oklob plant
 10955 | D:10     | Killed an oklob plant
 11342 | D:11     | Noticed an elephant
 11342 | D:11     | Found a staircase to the Lair.
 11348 | D:11     | Killed an elephant
 11478 | D:11     | Reached skill level 5 in Invocations
 11491 | D:11     | Reached XP level 12. HP: 77/80 MP: 15/15
 12399 | D:12     | Found a portal to a secret trove of treasure.
 12504 | D:12     | Found a snail-covered altar of Cheibriados.
 13008 | D:13     | Reached ****** piety under Hepliaklqana
 13302 | D:13     | Got a transparent plate armour
 13313 | D:13     | Identified the +4 plate armour "Pinge" {-Tele Int+2 Dex+2} (You found it on level 13 of the Dungeon)
 13325 | D:13     | Found a gate to the Vaults.
 13325 | D:13     | Noticed a seven-headed hydra
 13325 | D:13     | Noticed a vault guard
 13325 | D:13     | Noticed a vault guard
 13325 | D:13     | Noticed a vault guard
 13326 | D:13     | Noticed a vault guard
 13412 | D:12     | Killed a vault guard
 13579 | D:12     | Killed a vault guard
 13799 | D:13     | Killed a vault guard
 14044 | D:13     | Reached XP level 13. HP: 85/85 MP: 19/19
 14201 | D:13     | Killed a seven-headed hydra
 14341 | D:13     | Killed a vault guard
 14544 | D:13     | Found a basalt altar of Yredelemnul.
 14557 | D:13     | Noticed a vampire knight
 14579 | D:13     | Killed a vampire knight
 14579 | D:13     | Reached skill level 15 in Axes
 15250 | Lair:1   | Entered Level 1 of the Lair of Beasts
 15874 | Lair:1   | Reached XP level 14. HP: 81/93 MP: 17/20
 16743 | Lair:2   | Found a staircase to the Swamp.
 17333 | Lair:3   | Found a staircase to the Snake Pit.
 18183 | Lair:4   | Found a labyrinth entrance.
 18191 | Lab      | Entered a labyrinth
 18400 | Lab      | Reached skill level 15 in Shields
 18579 | Lab      | Got a crude short sword {flame}
 18683 | Lair:4   | Got a bound steel amulet
 18693 | Lair:4   | Identified the amulet "Leychaor" {Spirit Dex+5} (You found it on level 4 of the Lair of Beasts)
 19885 | Lair:5   | Reached XP level 15. HP: 98/98 MP: 21/21
 20046 | Lair:6   | Entered Level 6 of the Lair of Beasts
 21023 | Lair:6   | Found a staircase to the Slime Pits.
 21652 | Lair:6   | Found a runed door.
 21953 | Lair:6   | Reached XP level 16. HP: 98/109 MP: 19/22
 22726 | D:14     | Noticed Josephine
 22737 | D:14     | Killed Josephine
 23093 | D:15     | Entered Level 15 of the Dungeon
 23117 | D:15     | Found a flickering gateway to a bazaar.
 23126 | Bazaar   | Entered a bazaar
 23150 | Bazaar   | Found Hamoqon's Antique Weapon Emporium.
 23160 | Bazaar   | Found Fiduf's Magic Scroll Boutique.
 23170 | Bazaar   | Found Dyfiuczaxti's Book Emporium.
 23171 | Bazaar   | Found Seigrier's Gadget Shoppe.
 23241 | Bazaar   | Bought a manual of Dodging for 772 gold pieces
 23248 | Bazaar   | Bought a +7 rod of inaccuracy (14/14) for 1080 gold pieces
 23256 | Bazaar   | Bought a scroll of brand weapon for 180 gold pieces
 23256 | Bazaar   | Bought a scroll of enchant armour for 67 gold pieces
 23256 | Bazaar   | Bought a scroll of identify for 18 gold pieces
 23256 | Bazaar   | Bought a scroll of identify for 18 gold pieces
 23315 | D:15     | Reached skill level 1 in Evocations
 23353 | D:15     | Noticed Kirke
 23364 | D:15     | Killed Kirke
 23636 | D:12     | You paid a toll of 20 scrolls of identify to enter a treasure trove
 23637 | Trove    | Entered a treasure trove
 23720 | Trove    | Gained mutation: You are agile. (Dex +2) [potion of beneficial mutation]
 23864 | D:15     | Noticed Azrael
 23930 | D:15     | Killed Azrael
 24205 | D:15     | Noticed Rupert
 24214 | D:15     | Killed Rupert
 24505 | D:15     | Found a staircase to the Depths.
 24635 | D:15     | Reached skill level 10 in Fighting
 25218 | Orc:1    | Entered Level 1 of the Orcish Mines
 25583 | Orc:2    | Entered Level 2 of the Orcish Mines
 25633 | Orc:2    | Found a roughly hewn altar of Beogh.
 25663 | Orc:2    | Reached XP level 17. HP: 115/119 MP: 21/23
 25693 | Orc:2    | Noticed Snorg
 25701 | Orc:2    | Killed Snorg
 25829 | Orc:2    | Found Suob's Food Boutique.
 25859 | Orc:2    | Found Mozaruf's Antique Armour Shop.
 26421 | Orc:2    | Found Sanairr's Antique Weapon Shoppe.
 26465 | Orc:2    | Found a roughly hewn altar of Beogh.
 26761 | Orc:2    | Found Vemuemuf's Food Shop.
 26940 | Orc:2    | Found a staircase to the Elven Halls.
 27021 | Orc:2    | Reached skill level 5 in Evocations
 27038 | Orc:2    | Identified the Papyrus of Combat Magic
 27745 | Swamp:1  | Entered Level 1 of the Swamp
 27745 | Swamp:1  | Found a frozen archway.
 27753 | Swamp:1  | Reached skill level 10 in Dodging
 28053 | Swamp:1  | Reached skill level 10 in Armour
 28195 | IceCv    | Entered an ice cave
 29290 | IceCv    | Got a faintly humming ice dragon armour
 29311 | IceCv    | Identified the +4 ice dragon armour "Luri" {rPois rF- rC++ MR+} (You found it in an ice cave)
 30717 | Swamp:2  | Reached XP level 18. HP: 118/124 MP: 20/24
 30750 | Swamp:2  | You fall through a shaft!
 30975 | Swamp:3  | Got an encrusted battleaxe
 30976 | Swamp:3  | Identified the +3 battleaxe "Entoyt" {elec, Stlth+} (You found it on level 3 of the Swamp)
 32125 | Swamp:4  | Entered Level 4 of the Swamp
 33007 | Swamp:4  | Noticed Roxanne
 33022 | Swamp:4  | Killed Roxanne
 33629 | Swamp:4  | Got a decaying rune of Zot
 34407 | Vaults:1 | Entered Level 1 of the Vaults
 34598 | Vaults:1 | Reached XP level 19. HP: 130/130 MP: 25/25
 34652 | Vaults:1 | Found a ruined silver gateway.
 34666 | Desolati | Entered the Desolation of Salt
 36086 | Desolati | Identified the Catalogue of Supportive Ice
 36142 | Desolati | Got a pair of scorched boots
 36153 | Desolati | Identified the +1 pair of boots of the Bulwark {rF+} (You found it in the Desolation of Salt)
 36155 | Desolati | Got a transparent shield
 36166 | Desolati | Identified the +1 shield "Fyqeob" {rPois rF++ Regen+ MP-9 Str-4} (You found it in the Desolation of Salt)
 36182 | Desolati | Got a twisted scale mail
 36193 | Desolati | Identified the +0 scale mail "Vayst" {*Corrode rPois MR+ Int+5} (You found it in the Desolation of Salt)
 36206 | Desolati | Identified Isutwept's Catalogue of Venomous Stones
 36260 | Desolati | Got a pair of slimy gloves
 36273 | Desolati | Identified the cursed +0 pair of gloves of Filth {MR+ Regen+} (You found it in the Desolation of Salt)
 37112 | Vaults:1 | Found Anlaodd's Weapon Shop.
 37165 | Vaults:1 | Found Himiud's Antique Weapon Shoppe.
 37179 | Vaults:1 | Reached skill level 10 in Evocations
 37332 | Vaults:1 | Found Lenegara's Distillery.
 37340 | Vaults:1 | Bought a potion of flight for 57 gold pieces
 37340 | Vaults:1 | Bought a potion of curing for 57 gold pieces
 37706 | Vaults:1 | Noticed a lich
 37718 | Vaults:1 | Killed a lich
 37834 | Vaults:1 | Found Koosuocef's Food Boutique.
 38287 | Vaults:2 | Found Wenaz's Distillery.
 38308 | Vaults:2 | Reached XP level 20. HP: 136/136 MP: 27/27
 38312 | Vaults:2 | Found Itwerini's Antique Armour Boutique.
 38314 | Vaults:2 | Found Duthu's Magic Scroll Shop.
 38375 | Vaults:2 | Bought a pair of runed boots for 144 gold pieces
 38412 | Vaults:2 | Found Efamea's Antique Armour Shoppe.
 38444 | Vaults:2 | Bought a distressingly furry chain mail for 304 gold pieces
 38455 | Vaults:2 | Identified the +6 chain mail of Laniatei {Slay+5} (You bought it in a shop on level 2 of the Vaults)
 39565 | Vaults:2 | Identified a scroll of acquirement
 39649 | Vaults:2 | Bought a scroll of enchant weapon for 157 gold pieces
 40367 | Vaults:3 | Noticed Jory
 40388 | Vaults:3 | Killed Jory
 41061 | Vaults:3 | Found a staircase to the Crypt.
 41061 | Vaults:3 | Found an ancient bone altar of Kikubaaqudgha.
 41064 | Vaults:3 | Found a basalt altar of Yredelemnul.
 41351 | Vaults:4 | Reached XP level 21. HP: 99/142 MP: 20/29
 43343 | Orc:2    | Bought the +1 ratskin cloak {rPois rN+ Int-1 Dex-1} for 558 gold pieces
 43557 | Snake:1  | Entered Level 1 of the Snake Pit
 43643 | Snake:1  | Found Ownyuc's Jewellery Shop.
 44002 | Snake:2  | Found Loaroent's Antique Weapon Shop.
 44830 | Snake:3  | Reached skill level 15 in Dodging
 44915 | Snake:3  | Reached XP level 22. HP: 141/149 MP: 28/31
 44954 | Snake:3  | Found a glowing silver altar of Zin.
 45071 | Snake:3  | Reached skill level 15 in Armour
 45109 | Snake:3  | Noticed Donald
 45116 | Snake:3  | Killed Donald
 45306 | Snake:3  | Found Nuvagasch's Jewellery Boutique.
 46002 | Snake:4  | Entered Level 4 of the Snake Pit
 46796 | Snake:4  | Got a serpentine rune of Zot
 47250 | Elf:1    | Entered Level 1 of the Elven Halls
 47254 | Elf:1    | Noticed Frances
 47261 | Elf:1    | Killed Frances
 47321 | Elf:1    | Found a deep blue altar of Sif Muna.
 47617 | Elf:1    | Found Puosut's Jewellery Shoppe.
 47618 | Elf:1    | Found Fuafophexesm's Gadget Boutique.
 47618 | Elf:1    | Found Nafatwedghun's Gadget Boutique.
 47626 | Elf:1    | Bought a cursed amulet of inaccuracy for 20 gold pieces
 48072 | Elf:1    | Reached XP level 23. HP: 159/159 MP: 32/32
 48233 | Elf:1    | Upgraded the game from 0.19-a0-1292-g796ee4d to 0.19-a0-1326-gee3fcf6
 48666 | Elf:2    | Found a runed gate.
 48667 | Elf:2    | Found a runed gate.
 48670 | Elf:2    | Found a runed gate.
 49152 | Elf:2    | Noticed Asterion
 49159 | Elf:2    | Killed Asterion
 49464 | Elf:3    | Entered Level 3 of the Elven Halls
 49751 | Elf:3    | Found Ciunechu's Commerce Corner.
 50528 | Elf:3    | Got a faintly glowing bone ring
 50528 | Elf:3    | Got a ring of the Octopus King
 50552 | Elf:3    | Got a shimmering steel ring
 50567 | Elf:3    | Identified a ring of the Octopus King {AC+1 EV+1 Str+1 Int+1 Dex+1 Stlth+} (You took it off a deep elf mage on level 3 of the Elven Halls)
 50569 | Elf:3    | Identified the ring "Qemmyos" {rF+ rC+ Dex+2 Stlth+} (You took it off a deep elf archer on level 3 of the Elven Halls)
 50571 | Elf:3    | Identified the ring of Jyce Juc {rElec Int+3 Stlth+} (You took it off a deep elf archer on level 3 of the Elven Halls)
 50581 | Elf:3    | Got a crude sapphire amulet
 50585 | Elf:3    | Identified the amulet "Kixeobif" {Harm *Drain Str+6} (You took it off a deep elf archer on level 3 of the Elven Halls)
 50693 | Elf:3    | Reached XP level 24. HP: 112/169 MP: 22/32
 50831 | Elf:3    | Got an ancient iron ring
 50839 | Elf:3    | Identified the ring of Jealousy {*Corrode +Fly rC+ MR+ Int+4} (You took it off a deep elf high priest on level 3 of the Elven Halls)
 51442 | Elf:3    | Reached skill level 1 in Stealth
 52093 | Depths:1 | Entered Level 1 of the Depths
 52718 | Depths:1 | Reached skill level 5 in Stealth
 52719 | Depths:1 | Noticed the Enchantress
 52736 | Depths:1 | Killed the Enchantress
 52744 | Depths:1 | Got a faerie dragon armour
 52760 | Depths:1 | Identified the +2 faerie dragon armour {rF+ rC+ Int+3} (You took it off the Enchantress on level 1 of the Depths)
 53152 | Depths:1 | Found a glowing golden altar of the Shining One.
 53191 | Depths:1 | Found a gateway to Hell.
 53333 | Depths:1 | Identified a +3 rod of shadows (12/12) (You found it on level 1 of the Depths)
 53461 | Depths:2 | Reached XP level 25. HP: 169/177 MP: 30/32
 53480 | Depths:2 | Found a shattered altar of Ashenzari.
 53742 | Depths:2 | Found a burning altar of Makhleb.
 53931 | Depths:2 | Reached skill level 10 in Stealth
 54311 | Depths:2 | Found a hazy altar of Hepliaklqana.
 54589 | Depths:2 | Found a hide-covered altar of Uskayaw.
 54820 | Depths:3 | Found a runed door.
 54837 | Depths:3 | Reached XP level 26. HP: 177/186 MP: 31/32
 54984 | Depths:3 | Reached skill level 15 in Fighting
 55083 | Depths:3 | Found a one-way gate leading to the halls of Pandemonium.
 55143 | Depths:3 | Found a one-way gate to the infinite horrors of the Abyss.
 55329 | Depths:3 | Found a runed door.
 55452 | Depths:3 | Got an encrusted plate armour
 55453 | Depths:3 | Identified the +13 plate armour of Fun {+Fly} (You found it on level 3 of the Depths)
 55524 | Depths:3 | Found a radiant altar of Vehumet.
 55524 | Depths:3 | Noticed Frederick
 55526 | Depths:3 | Found a runed door.
 55531 | Depths:3 | Killed Frederick
 55615 | Depths:3 | Got a steaming granite ring
 55617 | Depths:3 | Identified the ring "Tefor" {Fire rElec Dex+4 Stlth+} (You found it on level 3 of the Depths)
 56068 | Depths:3 | Got a shimmering granite ring
 56070 | Depths:3 | Identified the ring "Meilion" {Wiz Str+3 Int+6 Dex-3} (You found it on level 3 of the Depths)
 56301 | Depths:3 | Found a viscous altar of Jiyva.
 56530 | Depths:4 | Noticed Boris
 56551 | Depths:4 | Killed Boris
 56582 | Depths:4 | Noticed Margery
 56590 | Depths:4 | Killed Margery
 56698 | Depths:4 | Reached XP level 27. HP: 192/195 MP: 32/32
 56906 | Depths:4 | Noticed a juggernaut
 56908 | Depths:4 | Killed a juggernaut
 57003 | Depths:4 | Noticed Saint Roka
 57062 | Depths:4 | Reached skill level 15 in Stealth
 57130 | Depths:4 | Noticed a juggernaut
 57138 | Depths:4 | Killed a juggernaut
 57663 | Depths:4 | Found a gateway to a ziggurat.
 57834 | Depths:4 | Found a deep blue altar of Sif Muna.
 57997 | Depths:4 | Killed Saint Roka
 58150 | Depths:5 | Entered Level 5 of the Depths
 58152 | Depths:5 | Noticed Mennas
 58174 | Depths:4 | Killed Mennas
 58629 | Depths:5 | Found a gate to the Realm of Zot.
 59480 | Crypt:1  | Entered Level 1 of the Crypt
 60987 | Crypt:2  | Noticed Jorgrun
 60991 | Crypt:2  | Killed Jorgrun
 61644 | Crypt:3  | Entered Level 3 of the Crypt
 62122 | Crypt:3  | Found a staircase to the Tomb.
 62638 | Crypt:3  | Noticed an ancient lich
 62644 | Crypt:3  | Killed an ancient lich
 62693 | Crypt:3  | Found an ancient bone altar of Kikubaaqudgha.
 62736 | Crypt:3  | Noticed an ancient lich
 62745 | Crypt:3  | Killed an ancient lich
 63431 | Depths:2 | Noticed a juggernaut
 63457 | Depths:2 | Killed a juggernaut
 64147 | Vaults:5 | Entered Level 5 of the Vaults
 64481 | Vaults:5 | Cast into level 2 of the Abyss (vault guard)
 64490 | Vaults:5 | Escaped the Abyss
 64951 | Vaults:5 | Got a silver rune of Zot
 65051 | Vaults:5 | Noticed an ancient lich
 65066 | Vaults:5 | Killed an ancient lich
 65376 | Vaults:5 | Noticed Sojobo
 65384 | Vaults:5 | Killed Sojobo
 66096 | Vaults:5 | Identified the Handbook of Transformation
 66320 | Vaults:5 | Identified the Incunabulum of Weightlessness and Malediction
 66838 | Tomb:1   | Entered Level 1 of the Tomb of the Ancients
 67236 | Tomb:1   | Noticed an ancient lich
 67246 | Tomb:1   | Killed an ancient lich
 67556 | Tomb:1   | Reached skill level 15 in Evocations
 67761 | Tomb:1   | Identified the Almanac of Frigorific Boosts
 67802 | Tomb:2   | Noticed a greater mummy
 67825 | Tomb:2   | Noticed a greater mummy
 67825 | Tomb:2   | Noticed a greater mummy
 67963 | Tomb:2   | Noticed a greater mummy
 68918 | Tomb:1   | Killed a greater mummy
 68920 | Tomb:1   | Killed a greater mummy
 69163 | Tomb:1   | Killed a greater mummy
 69197 | Tomb:2   | Killed a greater mummy
 69658 | Tomb:1   | Noticed a greater mummy
 69658 | Tomb:1   | Noticed a greater mummy
 69667 | Tomb:1   | Killed a greater mummy
 69670 | Tomb:1   | Killed a greater mummy
 69941 | Tomb:1   | Noticed a greater mummy
 69951 | Tomb:1   | Killed a greater mummy
 70184 | Tomb:1   | Noticed a greater mummy
 70193 | Tomb:1   | Killed a greater mummy
 70265 | Tomb:1   | Noticed a greater mummy
 70277 | Tomb:1   | Killed a greater mummy
 70891 | Tomb:3   | Entered Level 3 of the Tomb of the Ancients
 70904 | Tomb:3   | Noticed a greater mummy
 70905 | Tomb:3   | Noticed a greater mummy
 71281 | Tomb:3   | Noticed a greater mummy
 71386 | Tomb:3   | Noticed a greater mummy
 71396 | Tomb:2   | Killed a greater mummy
 71576 | Tomb:2   | Killed a greater mummy
 71963 | Tomb:2   | Killed a greater mummy
 72187 | Tomb:3   | Noticed a greater mummy
 72467 | Tomb:2   | Killed a greater mummy
 72469 | Tomb:2   | Killed a greater mummy
 72982 | Tomb:3   | Noticed a greater mummy
 72993 | Tomb:3   | Noticed a greater mummy
 72994 | Tomb:3   | Killed a greater mummy
 73007 | Tomb:3   | Killed a greater mummy
 73203 | Tomb:3   | Noticed a greater mummy
 73211 | Tomb:3   | Killed a greater mummy
 73279 | Tomb:3   | Identified a +4 rod of inaccuracy (13/13) (You found it on level 3 of the Tomb of the Ancients)
 73434 | Tomb:3   | Noticed a greater mummy
 73445 | Tomb:3   | Killed a greater mummy
 73706 | Tomb:3   | Identified Mezood's Volume of the Entrancing Mountains
 73749 | Tomb:3   | Got a pair of translucent gloves
 73760 | Tomb:3   | Identified the cursed +0 pair of gloves of the Endless Expanse {rC+ Dex-4 Stlth+} (You found it on level 3 of the Tomb of the Ancients)
 73779 | Tomb:3   | Identified a +5 rod of shadows (10/10) (You found it on level 3 of the Tomb of the Ancients)
 73908 | Tomb:3   | Got a golden rune of Zot
 75014 | Slime:1  | Entered Level 1 of the Pits of Slime
 75611 | Slime:5  | Entered Level 5 of the Pits of Slime
 75826 | Slime:5  | Noticed the Royal Jelly
 75832 | Slime:5  | Killed the Royal Jelly
 76026 | Slime:5  | HP: 6/210 [acid (9)]
 76306 | Slime:5  | Identified Doufeat's Almanac of Transmigration and Summoning
 76323 | Slime:5  | Got an agate-encrusted chain mail
 76352 | Slime:5  | Got a bloodstained scale mail
 76364 | Slime:5  | Identified the +4 scale mail "Derydi" {rElec rPois rF+} (You found it on level 5 of the Pits of Slime)
 76375 | Slime:5  | Identified the +6 chain mail of a labyrinth {rN+ SInv} (You found it on level 5 of the Pits of Slime)
 76388 | Slime:5  | Got a slimy rune of Zot
 76577 | Slime:5  | Identified a +4 rod of inaccuracy (14/14) (You found it on level 5 of the Pits of Slime)
 77481 | Zot:1    | Entered Level 1 of the Realm of Zot
 77871 | Zot:1    | Found a blossoming altar of Fedhas.
 78370 | Zot:1    | Noticed an orb of fire
 78377 | Zot:1    | Killed an orb of fire
 78468 | Zot:1    | Got a shimmering scale mail
 78479 | Zot:1    | Identified the +2 scale mail of the Everdark {rElec MR+++ Str-4 Int-4} (You found it on level 1 of the Realm of Zot)
 79620 | Zot:2    | Gained mutation: You are mostly covered in rugged brown scales. (AC +2, +5% HP) [potion of beneficial mutation]
 80084 | Zot:3    | Noticed an orb of fire
 80097 | Zot:3    | Killed an orb of fire
 81203 | Zot:4    | Reached skill level 10 in Invocations
 81820 | Zot:4    | Got a sparkling iron ring
 81822 | Zot:4    | Identified the ring "Iphajosm" {rElec rF+} (You found it on level 4 of the Realm of Zot)
 81992 | Zot:5    | Entered Level 5 of the Realm of Zot
 82269 | Zot:5    | Noticed an ancient lich
 82293 | Zot:5    | Killed an ancient lich
 82296 | Zot:5    | Noticed an orb of fire
 82302 | Zot:5    | Gained mutation: You are dopey. (Int -2) [an orb of fire]
 82303 | Zot:5    | Killed an orb of fire
 82362 | Zot:5    | Noticed an ancient lich
 82369 | Zot:5    | Killed an ancient lich
 82392 | Zot:5    | Noticed an orb of fire
 82403 | Zot:5    | Noticed an ancient lich
 82406 | Zot:5    | Gained mutation: Armour fits poorly on your strangely shaped body. [an orb of fire]
 82412 | Zot:5    | Killed an orb of fire
 82433 | Zot:5    | Killed an ancient lich
 82778 | Zot:5    | Noticed an orb of fire
 82783 | Zot:5    | Killed an orb of fire
 83048 | Zot:5    | Noticed an orb of fire
 83054 | Zot:5    | Gained mutation: Your spells are a little easier to cast, but a little less powerful. [an orb of fire]
 83059 | Zot:5    | Killed an orb of fire
 83409 | Depths:4 | Voluntarily entered the Abyss.
 84068 | Abyss:1  | Found a corrupted altar of Lugonu.
 84190 | Abyss:2  | Noticed an ancient lich
 84210 | Abyss:2  | Killed an ancient lich
 85199 | Abyss:3  | Got an abyssal rune of Zot
 85411 | Abyss:3  | Found a shimmering altar of Xom.
 85421 | Abyss:3  | Found a shimmering altar of Xom.
 85421 | Abyss:3  | Found a shimmering altar of Xom.
 85421 | Abyss:3  | Found a shimmering altar of Xom.
 85423 | Abyss:3  | Found a shimmering altar of Xom.
 85425 | Abyss:3  | Found a shimmering altar of Xom.
 85426 | Abyss:3  | Found a corrupted altar of Lugonu.
 85426 | Abyss:3  | Found a shimmering altar of Xom.
 85427 | Abyss:3  | Found a shimmering altar of Xom.
 85427 | Abyss:3  | Found a shimmering altar of Xom.
 85428 | Abyss:3  | Found a shimmering altar of Xom.
 85428 | Abyss:3  | Found a shimmering altar of Xom.
 85428 | Abyss:3  | Found a shimmering altar of Xom.
 85428 | Abyss:3  | Found a shimmering altar of Xom.
 85428 | Abyss:3  | Found a shimmering altar of Xom.
 85459 | Depths:4 | Escaped the Abyss
 85515 | Hell     | Entered the Vestibule of Hell
 85515 | Hell     | Noticed Geryon
 85528 | Hell     | Killed Geryon
 85583 | Hell     | Found a gateway to the Iron City of Dis.
 85650 | Hell     | Found a gateway to the freezing wastes of Cocytus.
 85830 | Hell     | Found a gateway to the decaying netherworld of Tartarus.
 85901 | Hell     | Found a gateway to the ashen valley of Gehenna.
 86241 | Tar:1    | Entered Level 1 of Tartarus
 86275 | Hell     | Reached skill level 15 in Invocations
 88661 | Tar:5    | Reached skill level 27 in Armour
 90007 | Tar:7    | Entered Level 7 of Tartarus
 90136 | Tar:7    | Noticed an ancient lich
 90147 | Tar:7    | Killed an ancient lich
 91289 | Tar:7    | Got a wavering iron ring
 91290 | Tar:7    | Identified the ring "Ogagg" {Fire *Contam rPois MR++ Str+2} (You found it on level 7 of Tartarus)
 91515 | Tar:7    | Noticed an ancient lich
 91529 | Tar:7    | Killed an ancient lich
 91609 | Tar:7    | Noticed Ereshkigal
 91640 | Tar:7    | Killed Ereshkigal
 91640 | Tar:7    | Reached skill level 27 in Shields
 91862 | Tar:7    | Got a bone rune of Zot
 92012 | Dis:1    | Entered Level 1 of the Iron City of Dis
 92474 | Dis:4    | You fall through a shaft!
 92477 | Dis:5    | You fall through a shaft!
 92485 | Dis:6    | You fall through a shaft!
 92485 | Dis:7    | Entered Level 7 of the Iron City of Dis
 93368 | Dis:7    | Reached skill level 27 in Axes
 93773 | Dis:7    | Noticed the Serpent of Hell
 93796 | Dis:7    | Killed the Serpent of Hell
 93802 | Dis:7    | Thrown by an iron giant

Vault maps used:
D:1:      lightli_molten_gateway
D:2:      ecumenical_altar_2, first_bread
D:3:      lemuel_crystal_altar, grunt_ministairs_12, uniq_jessica
D:4:      marbit_many_paths, guppyfry_early_orc_mine, uniq_eustachio, uniq_robin
D:5:      black_bear_nest_1, uniq_duvessa, uniq_pikel
D:6:      centaur_isle
D:7:      ashenzari_altar_1
D:8:      uniq_maurice
D:9:      kennysheep_orc_sif_temple, grunt_ogre_cave, hangedman_decor_slide_cut,
          minmay_stone_trees_medium, st_stairs_14, kennysheep_generic_room_7
D:10:     lemuel_flame_loot_2, serial_column_ruins, column_ruins_hut_water,
          column_ruins_grid_1, column_ruins_open_tiny, column_ruins_grid_1,
          column_ruins_open_medium, column_ruins_columns_corner,
          column_ruins_open_tiny_water, lemuel_oklob_altar
D:11:     david_lair_generic
D:12:     basic_altar, enter_trove_2
D:13:     lemuel_vampire_tower, lightli_vaults_fourway_checkpoint, moated_statue
D:14:     grunt_decor_one_mirror, uniq_josephine
D:15:     grunt_enter_depths_hoard, minmay_misc_feat_nine_boxes, serial_shops,
          bzr_entry_dummy, interstate_on_off, uniq_rupert, uniq_kirke,
          uniq_azrael
Temple:   hc_temple_tempest_star
Lair:1:   minmay_lair_venomous_thicket, minivault_24, serial_bayou_pond_c,
          serial_bayou_shore_b, grunt_megastairs_5
Lair:2:   beast_lair_carwin_large_2, swamp_mist_pool, minmay_holes
Lair:3:   kennysheep_rathole, minmay_snake_entry_spellcaster,
          columned_hall_lemuel
Lair:4:   lab_entry_generic, infiniplex_staircase_pool
Lair:6:   wormcave, hangedman_lair_in_review, nicolae_slime_entry_slimehenge
Swamp:1:  portal_ice_cave_entry_ugly_swarm, evilmike_swamp_ruin_house_3
Swamp:2:  evilmike_swamp_ruin_wall
Swamp:3:  evilmike_swamp_ruin_house_6
Swamp:4:  swamp_alternative, infiniplex_staircase_pool_2, uniq_roxanne
Snake:1:  serial_shops, shop
Snake:2:  serial_shops, shop_coins
Snake:3:  serial_shops, shop, basic_altar, uniq_donald
Snake:4:  minmay_snake_end_coiled, spider_trap
Orc:1:    mines2_lemuel
Orc:2:    pubby_orc_utopia, uniq_snorg
Elf:1:    eino_elf_arrival_shootout, hangedman_elven_crosses_minicolossus,
          tgw_sif, minmay_shop_grove, uniq_frances
Elf:2:    feat_on_display, uniq_asterion
Elf:3:    nooodl_elf_gasket, hangedman_elven_pyramids, nicolae_alphabet_shops,
          minmay_crystal_room
Vaults:1: ontoclasm_vaults_decontamination, grunt_vaults_trifunnel,
          vaults_room_hangedman_quadrants, v_rooms_6, hangedman_vaults_trim,
          hangedman_vaults_pinch, nicolae_vaults_three_branches,
          portal_desolation_entry_ruin, serial_shops, nicolae_shop_crystal,
          nicolae_shop_behind_doors, shop, shop
Vaults:2: v_pattern_3, nicolae_vaults_sealed_display,
          nicolae_vaults_windows_and_doors_thing, v_misc_1, v_misc_3,
          nicolae_vaults_network_periphery, nicolae_vaults_big_angled_halls,
          ontoclasm_vaults_twist, vaults_room_hallway,
          nicolae_vaults_little_squares_4, vaults_room_semicircle,
          nicolae_vaults_rhombus_7, serial_shops, nicolae_shop_waterfront, shop,
          nicolae_shop_crystal, shop
Vaults:3: vaults_room_pool, minmay_crypt_entry_necro_gods,
          nicolae_vaults_little_squares_3, v_misc_11, nicolae_vaults_asterisk,
          ontoclasm_vaults_misaligned, nicolae_vaults_stairing_the_circle,
          ontoclasm_vaults_ring_large, v_misc_12,
          ontoclasm_vaults_loading_screen, uniq_jory
Vaults:4: st_lattice, v_misc_4, vaults_mumra_minichess_inversion,
          vaults_room_grunt_arrival_ludios, hangedman_vaults_cutoff,
          ontoclasm_vaults_fault, vaults_dpeg_doors,
          nicolae_vaults_border_crossing, nicolae_vaults_alarming
Vaults:5: uniq_sojobo
Crypt:2:  minivault_5, uniq_jorgrun, uniq_frederick
Crypt:3:  quadcrypt_mu
Depths:1: tso_altar, pf_hell_entry_tar_spiral, hangedman_abyss_or_decor_passed,
          serial_bayou_pond_d, nrook_mini_vaults, minmay_item_behind_shaft,
          minmay_evil_grid, uniq_enchantress
Depths:2: grunt_profane_halls, hell_entry, serial_shops
Depths:3: evilmike_halls_of_destruction, hangedman_abyss_entry_splay,
          minmay_staircase_windowed_small, hell_entry, special_room,
          rand_demon_pan_entry_7, minivault_10, lightli_giant_bouncers
Depths:4: minmay_tile_spiral, enter_ziggurat_a, hell_entry, abyss_entry,
          grunt_pan_entry_zigzag, roderic_lattice_a, kennysheep_flooded_box,
          serial_bayou_shore_b, uniq_margery, uniq_boris, uniq_saint_roka
Depths:5: evilmike_zot_entry_argh, hell_entry, nrook_mini_backslash, uniq_mennas
Dis:2:    hangedman_dis_decor_blocks_crown
Dis:3:    hangedman_dis_decor_tower
Dis:6:    hangedman_dis_decor_blocks_talon
Dis:7:    iron_city_of_dis
Tar:1:    evilmike_ambush
Tar:3:    nicolae_tar_cuneiform_two
Tar:5:    minmay_shadows
Tar:7:    tar_old
Zot:1:    basic_altar, hangedman_player_shredder, grunt_megastairs_2
Zot:2:    lemuel_draconian_sentries, st_small_dragon_hoard_2
Zot:4:    grunt_zot_stairs_overgrown
Zot:5:    grunt_ministairs_7
Abyss:2:  bh_abyss_exit_spiral
Abyss:3:  hangedman_abyss_or_decor_stagger
Lab:      labyrinth_spiral, lab_fountain, nicolae_lab_hexagon,
          nicolae_lab_do_over, nicolae_lab_grate_2, nicolae_lab_checkerboard,
          nicolae_lab_very_dead_end, nicolae_lab_flowing_pool,
          nicolae_lab_stuck, labyrinth_skeletal_remains
Bazaar:   bazaar_kb_twisted_cavern
Trove:    trove_alchemists_storehouse
IceCv:    ice_cave_statue_garden_chambered

Skill      XL: |  1  2  3  4  5  6  7  8  9 10 11 12 13 14 15 16 17 18 19 20 21 22 23 24 25 26 27 |
---------------+----------------------------------------------------------------------------------+-----
Shields        | 4 5 6 7 8 10 11 12 14 15 16 18 27 | 27.0
Dodging        | 1 2 3 4 5 7 9 11 12 13 14 15 16 17 24 | 24.7
Axes           | 3 4 5 7 9 10 12 14 15 17 18 19 20 21 22 23 24 25 27 | 27.0
Armour         | 4 5 7 9 10 12 13 14 15 16 17 18 27 | 27.0
Fighting       | 4 5 6 8 10 12 13 14 15 26 | 26.0
Invocations    | 5 8 19 | 19.5
Evocations     | 3 6 8 10 11 12 19 | 19.0
Stealth        | 7 12 14 19 | 19.0

Action                   |  1- 3 |  4- 6 |  7- 9 | 10-12 | 13-15 | 16-18 | 19-21 | 22-24 | 25-27 || total
-------------------------+-------+-------+-------+-------+-------+-------+-------+-------+-------++-------
Melee: War axe           |    91 |   224 |   308 |    14 |       |       |       |       |       ||   637
       Battleaxe         |       |       |       |   530 |   798 |  1031 |   436 |       |       ||  2795
       Flail             |       |       |       |       |    13 |       |       |       |       ||    13
       Great mace        |       |       |       |       |    16 |    17 |       |       |       ||    33
       Executioner's axe |       |       |       |       |       |       |   381 |   785 |  5152 ||  6318
Invok: Ancestor Life: Ba |       |       |       |     1 |       |       |       |       |       ||     1
       Idealise          |       |       |       |       |     1 |       |       |       |     2 ||     3
       Transference      |       |       |       |       |     1 |       |       |       |       ||     1
       Recall Ancestor   |       |       |       |       |       |     2 |       |     1 |     8 ||    11
       Ancestor Identity |       |       |       |       |       |       |       |       |     1 ||     1
 Abil: Dig               |     1 |       |       |     2 |     5 |     3 |     1 |       |    30 ||    42
       Shaft Self        |       |       |       |       |       |     1 |       |       |     3 ||     4
Evoke: Rod               |       |       |       |       |       |    77 |     5 |       |    12 ||    94
       Lamp of fire      |       |       |       |       |       |       |       |       |     1 ||     1
  Use: Scroll            |       |       |       |     9 |    14 |     7 |     9 |     3 |    31 ||    73
       Potion            |       |       |       |     1 |     3 |     2 |       |       |    12 ||    18
 Stab: Distracted        |       |       |       |     3 |    16 |    19 |    22 |    17 |   121 ||   198
       Confused          |       |       |       |       |       |     1 |       |       |     7 ||     8
       Sleeping          |       |       |       |       |       |       |       |       |   136 ||   136
       Petrifying        |       |       |       |       |       |       |       |       |    49 ||    49
       Paralysed         |       |       |       |       |       |       |       |       |    21 ||    21
       Petrified         |       |       |       |       |       |       |       |       |    16 ||    16
       Held in net/web   |       |       |       |       |       |       |       |       |     1 ||     1
  Eat: Chunk             |     2 |     8 |    10 |    28 |    26 |    30 |    24 |    23 |    57 ||   208
       Beef jerky        |       |       |       |       |       |     1 |       |     1 |     3 ||     5
       Bread ration      |       |       |       |       |       |     3 |     1 |       |     7 ||    11
       Meat ration       |       |       |       |       |       |     1 |       |       |     8 ||     9
       Fruit             |       |       |       |       |       |       |     4 |       |       ||     4
       Pizza             |       |       |       |       |       |       |     1 |     2 |     3 ||     6
       Royal jelly       |       |       |       |       |       |       |       |       |     1 ||     1
Armor: Scale mail        |     9 |       |       |       |       |       |       |       |       ||     9
       Chain mail        |    20 |    21 |       |       |       |       |    69 |   133 |    41 ||   284
       Plate armour      |       |   223 |   135 |   166 |   257 |   161 |       |       |       ||   942
       Ice dragon armour |       |       |       |       |       |   154 |    31 |       |       ||   185
       Mottled dragon ar |       |       |       |       |       |       |       |       |   524 ||   524
Dodge: Dodged            |    25 |    62 |    41 |    77 |   192 |   339 |   228 |   265 |  1446 ||  2675
Block: Shield            |    46 |    86 |       |       |       |       |       |       |       ||   132
       Large shield      |       |   128 |   259 |   511 |   767 |   993 |   625 |   720 |  4930 ||  8933
       Reflection        |       |       |       |       |       |       |       |       |    51 ||    51
